← All builds
Pond / Armada / Economy first / OBSERVED BUILD

Standard pond

Standard Pond play: fast Bot Lab and early boosting into Advanced Metal Extractor, sending Tick/Pawn/Blitz to front while tidal-boosting allies throughout.

#eco #team support · 460 distinct matches · 100 players · 59% of Armada Pond games · team won 50% of 525 · Recently observed

HOW TO PLAY IT

Key timing: Bot Lab by 5:42

  1. Open tidal, then wind to start boosting front's economy.
  2. Take mex and keep boosting wind or tidal depending on front's needs.
  3. Get a Bot Lab up, start sending Tick and Pawn to front.
  4. Add Advanced Metal Extractor to scale up team's economy.
  5. Switch to tick spam if enemy reaches T2 front before you do.

Phase by phase

TYPICAL OF ITS 460 GAMES
  1. 1
  2. 2
PLAY THE OPENING

Follow the example game's first 6:00 step by step: what to build now, what comes next, and where it goes. At 1× it keeps pace with your own game.

  1. 1

    Up to the Bot Lab

    Economy
    • Metal Extractor4Mex
    • Wind Turbine10Wind
    • Tidal Generator8Tidalfor allies
    • Tidal Generator1Tidal
    • Energy Storage1Energy storage
    Order
    1. Bot LabBot Lab after 4 mex, 10 wind, 1 energy storagedone ~5:37, middle half 3:31–7:01

    Some games also: converter (44%)

    By 5:10 in all: 4 mex · 10 wind · 1 tidal · 1 energy storage

    The example game in this phase · 7 steps
    1. Tidal ×8for Suicide front
    2. Tidal
    3. Mex ×4
    4. Wind ×4
    5. Energy storage
    6. Wind ×2
    7. Bot LabBot Labdone 3:40 · typical 5:37
  2. 2

    Bot Lab to 10:00

    Economy
    • Wind Turbine16Wind
    Builders
    • Construction Turret1 Con turret
    • Construction Bot2 Con bot

    Some games also: tick (49%) · Lazarus (48%) · converter (44%)

    By 10:00 in all: 4 mex · 31 wind · 1 tidal · 4 converter · 1 energy storage · 2 con turret

    The example game in this phase · 71 steps
    1. LazarusLazarus ×2
    2. Construction BotCon bot ×2
    3. Con turret
    4. Wind
    5. Bot LabBot Labdone 5:52
    6. Wind ×2
    7. LazarusLazarus
    8. Wind ×2
    9. LazarusLazarus
    10. Wind ×4
    11. LazarusLazarus
    12. TickTick
    13. Wind ×2
    14. TickTick
    15. Wind
    16. TickTick
    17. Wind
    18. TickTick
    19. Wind
    20. TickTick
    21. Wind ×2
    22. TickTick
    23. SentrySentry
    24. TickTick
    25. Wind ×2
    26. TickTick
    27. SentrySentry
    28. TickTick
    29. Wind
    30. TickTick
    31. Wind
    32. TickTick
    33. NettleNettle
    34. Wind
    35. TickTick
    36. NettleNettle
    37. Wind ×2
    38. TickTick
    39. Wind
    40. TickTick
    41. Wind
    42. SentrySentry
    43. TickTick
    44. Wind ×2
    45. TickTick
    46. SentrySentry
    47. Wind
    48. TickTick ×2
    49. Wind ×2
    50. TickTick
    51. Wind
    52. TickTick
    53. Wind
    54. TickTick
    55. Wind ×2
    56. TickTick
    57. Wind
    58. TickTick
    59. Wind
    60. TickTick
    61. Wind
    62. TickTick
    63. Wind
    64. TickTick
    65. Wind
    66. TickTick ×2
    67. Wind
    68. TickTick ×2
    69. Converter
    70. Wind
    71. TickTick

Counts are medians over the build's games: half of them build more, half fewer. The example game is [Cookie]Baby_Evis's (42 OS, 03/09/2026); pick another.

Team trades

IN AT LEAST 30% OF ITS GAMES

You hand over

  • Tidal Generator8 Tidal to Suicide front or Frontfirst at 0:10 · in 90% of games

You get

  • Hercules1 Light transport from Air or Techfirst at 4:32 · in 31% of games
  • Hephaestus1 Heavy transport from Air or Techfirst at 4:43 · in 38% of games
  • Fatboy1 Fatboy from Techfirst at 5:02 · in 39% of games
  • Sharpshooter2 Sniper bot from Techfirst at 5:15 · in 42% of games
  • Advanced Construction Bot1 T2 con bot from Techfirst at 8:18 · in 92% of games

How it plays out

Typical game of this build, running totals by minute

Metal produced

010k20k
0:005:0010:0015:00

metal

Enemy metal destroyed

02k4k6k
0:005:0010:0015:00

metal

Own metal lost

02k4k
0:005:0010:0015:00

metal

525 games.

Show as table
ByMetal produced: This buildEnemy metal destroyed: This buildOwn metal lost: This build
1:0011500
2:0027200
3:0081700
4:00151000
5:00223100
6:00298300
7:0038414650
8:0047391273148
9:0056922028380
10:0068692855722
11:00832233171188
12:001028636961616
13:001258342621962
14:001489648472448
15:001746053593031
WHAT THE NUMBERS SAY

This is the role's standard support job, winning slightly under half its games while contributing modest kills for modest losses.

  • + Keeps own losses fairly low relative to kills (2827 destroyed vs 756 lost by 10:00).
  • + Reaches T2 constructor reliably (89% of games) by 8:10.
  • − Metal production trails other roles at 6855 by 10:00.
  • − No kills registered by 5:00, slow to impact the fight.
THE EXAMPLE YOU ARE READING

[Cookie]Baby_Evis

41.5 OS · 03/09/2026

Open source match ↗

2 received units
611 metal received · 8714 energy received

Allied construction assistance is unknown. Timings are observations, not a promise of solo reproducibility.

Typical milestones

Bot Lab5:37Middle 50%: 3:31–7:01 · n=473
Advanced Metal Extractor9:56Middle 50%: 9:01–10:39 · n=474

Played most by

Viltrum43games of this buildTeaner35games of this buildUsurpeR25games of this buildzeus_on_god25games of this buildRogShotz20games of this build